 Dungeon Crawl Stone Soup version 0.22-a0-398-g8bb545f (webtiles) character file.

44 DrEnzyme the Skirmisher (level 3, -2/33 HPs)
             Began as a Human Wanderer on May 4, 2018.
             Slain by an adder (4 damage)
             ... on level 2 of the Dungeon.
             The game lasted 00:03:11 (1514 turns).

DrEnzyme the Skirmisher (Human Wanderer)            Turns: 1514, Time: 00:03:12

Health: -2/33      AC:  2    Str: 12    XL:     3   Next: 85%
Magic:  3/3        EV: 11    Int: 14    God:
Gold:   116        SH:  0    Dex: 11    Spells: 2/2 levels left

rFire    . . .     SeeInvis .   a - +2 hand axe
rCold    . . .     Gourm    .   (no shield)
rNeg     . . .     Faith    .   c - +0 robe
rPois    .         Spirit   .   (no helmet)
rElec    .         Reflect  .   (no cloak)
rCorr    .         Harm     .   (no gloves)
MR       .....                  (no boots)
Stlth    ++........             (no amulet)
HPRegen  0.11/turn              (no ring)
MPRegen  0.08/turn              (no ring)

@: lethally poisoned (-2 -> -7)
A: no striking features
a: no special abilities


You were on level 2 of the Dungeon.
You were not hungry.

You visited 1 branch of the dungeon, and saw 2 of its levels.

You collected 116 gold pieces.

Inventory:

Hand Weapons
 a - a +2 hand axe (weapon)
 d - a +0 dagger
Missiles
 e - 85 stones (quivered)
Armour
 c - a +0 robe (worn)
 l - a +0 leather armour
 m - a +0 leather armour
Jewellery
 h - a +1 ring of protection {unknown}
Scrolls
 b - 3 scrolls of teleportation
 i - a scroll of fear {unknown}
 q - a scroll of remove curse
Potions
 g - 2 potions of brilliance {unknown}
 j - 2 potions of agility {unknown}
 k - a potion of heal wounds {unknown}
 n - a potion of flight {unknown}
 o - a potion of magic {unknown}
 p - a potion of ambrosia {unknown}
Comestibles
 f - 2 rations


   Skills:
 + Level 5.0 Fighting
 + Level 1.0 Short Blades
 + Level 2.3 Axes
 + Level 0.2 Throwing
 + Level 1.0 Armour
 + Level 0.1 Dodging
 + Level 2.0 Stealth


You had 2 spell levels left.
You didn't know any spells.

Dungeon Overview and Level Annotations

Branches:
Dungeon (2/15)

Altars:

Annotations:
D:1 exclusion: downstairs


Message History

The adder poisons you! The adder completely misses you.
You barely miss the adder.
The adder is moderately wounded.
The adder closely misses you.
You hit the adder.
The adder is almost dead.
You feel sick. The adder bites you.
* * * LOW HITPOINT WARNING * * *
The adder barely misses you.
You barely miss the adder.
The adder is almost dead.
You feel sick. The adder bites you.
* * * LOW HITPOINT WARNING * * *
The adder closely misses you.
* * * LOW HITPOINT WARNING * * *
You feel sick.
There is an open door here.
* * * LOW HITPOINT WARNING * * *
You feel sick. The adder bites you.
You die...

# # # # ######### ######
....#...# #....#
###.#...#####....################
...)'...+...'...@S.gs.g..........
###.#...#####....######.##.######
....+............# #+##'#
..#.#............#


gs. ..#.####......##.# ....# ..#.# #......<#.# .....# ..#.# #######.#.# ......#
#.#.# .#.# #......# #.#.# .#.# #......# You could see an adder, a giant
cockroach, a hobgoblin and a goblin.

Vanquished Creatures
  An ooze (D:1)
  A worm (D:2)
  A leopard gecko (D:1)
  A ball python (D:1)
  7 bats
  2 giant cockroaches (D:1)
  8 goblins
  3 hobgoblins
  3 jackals (D:1)
  A kobold (D:1)
  4 rats (D:1)
32 creatures vanquished.

Notes
Turn   | Place    | Note
-------+----------+-------------------------------------------
     0 | D:1      | DrEnzyme the Human Wanderer began the quest for the Orb.
     0 | D:1      | DrEnzyme set off with: a +2 hand axe, 2 scrolls of teleportation, a +0 robe, a +0 dagger, a ration
     0 | D:1      | Reached XP level 1. HP: 19/19 MP: 1/1
    61 | D:1      | Reached XP level 2. HP: 22/26 MP: 2/2
   312 | D:1      | Reached XP level 3. HP: 25/31 MP: 3/3
   858 | D:1      | Reached skill level 5 in Fighting
  1514 | D:2      | Slain by an adder

Vault maps used:
D:1:      ncdulo_smallfort, minmay_pentomino_w4

Skill      XL: |  1  2  3 |
---------------+----------+-----
Fighting       | 5 |  5.0
Short Blades   | |  1.0
Axes           | |  2.3
Throwing       | |  0.2
Armour         | |  1.0
Dodging        | |  0.1
Stealth        | |  2.0

Action                   || total
-------------------------++-------
Melee: Hand axe          ||    79
Throw: Stone             ||    45
  Use: Scroll            ||     2
  Eat: Chunk             ||     2
Armor: Robe              ||    19
Dodge: Dodged            ||    64

Table legend:
 A = Spawn XP
 B = Non-spawn XP
 C = Spawn XP percentage of total XP
 D = Spawn monster count
 E = Non-spawn monster count
 F = Spawn count percentage of total count
 G = Total turns spent on level
                    A         B        C        D         E        F      G
               +---------+---------+-------+---------+---------+-------+---------
         Total |       0 |      63 |   0.0 |       0 |      32 |   0.0 |  1514
               +---------+---------+-------+---------+---------+-------+---------
           D:1 |       0 |      52 |   0.0 |       0 |      28 |   0.0 |  1042
           D:2 |       0 |      11 |   0.0 |       0 |       4 |   0.0 |   472
               +---------+---------+-------+---------+---------+-------+---------
